 Dungeon Crawl Stone Soup version 0.29.1-4-g47bece8355 (webtiles) character file.

Game seed: 6267813629669690028

660 0gre the Chiller (level 7, 0/51 HPs)
             Began as a Gnoll Ice Elementalist on Dec 9, 2022.
             Was an Initiate of Vehumet.
             Slain by a two-headed ogre
             ... wielding a +0 giant spiked club
              (30 damage)
             ... on level 5 of the Dungeon.
             The game lasted 00:19:38 (4754 turns).

0gre the Chiller (Gnoll Ice Elementalist)           Turns: 4754, Time: 00:19:40

Health: 0/51       AC:  6    Str: 11    XL:     7   Next: 56%
Magic:  12/15      EV: 13    Int: 18    God:    Vehumet [......]
Gold:   233        SH:  0    Dex: 12    Spells: 8/17 levels left

rFire   . . .      SeeInvis .   f - +4 hammer "Puciu" {vorpal, rC+ Will- rCorr Str+3 Int+2}
rCold   + . .      Faith    .   (no shield)
rNeg    . . .      Spirit   .   j - +3 robe of Mezcal {Slay+3}
rPois   .          Reflect  .   (no helmet)
rElec   .          Harm     .   u - +0 cloak
rCorr   +          Rampage  .   (no gloves)
Will    .....                   (no boots)
Stlth   +++.......              (no amulet)
HPRegen 0.17/turn               m - ring of wizardry
MPRegen 0.14/turn               (no ring)

@: freezing walls
A: fangs 1, strong nose, distributed training
a: Renounce Religion


You were on level 5 of the Dungeon.
You worshipped Vehumet.
Vehumet was noncommittal.
You visited 2 branches of the dungeon, and saw 6 of its levels.

You collected 233 gold pieces.

Inventory:

Hand Weapons
 a - a +2 flail of protection
 c - a +0 trident
 d - a +1 hammer of holy wrath
 e - the +5 hammer "Vaetoliu" {vorpal, rElec}
   (You found it on level 4 of the Dungeon)

   It inflicts extra damage upon your enemies.
   rElec:     It insulates you from electricity.
 f - the +4 hammer "Puciu" (weapon) {vorpal, rC+ Will- rCorr Str+3 Int+2}
   (You found it on level 4 of the Dungeon)

   It inflicts extra damage upon your enemies.
   Str:       It affects your strength (+3).
   Int:       It affects your intelligence (+2).
   rC:        It protects you from cold.
   rCorr:     It protects you from acid and corrosion.
   Will:      It decreases your willpower.
Missiles
 r - a throwing net
 w - 8 poisoned darts (quivered)
Armour
 i - a +2 robe of positive energy
 j - the +3 robe of Mezcal (worn) {Slay+3}
   (You found it on level 5 of the Dungeon)

   Slay:      It affects your accuracy & damage with ranged weapons and melee
   (+3).
 u - a +0 cloak (worn)
Jewellery
 m - a ring of wizardry (left hand)
Scrolls
 g - a scroll of identify
 n - a scroll of teleportation
Potions
 b - 2 potions of magic
 h - a potion of ambrosia
 k - 2 potions of heal wounds {unknown}
 l - a potion of degeneration {unknown}
 o - a potion of flight {unknown}
 p - a potion of mutation {unknown}
 q - a potion of haste {unknown}
 s - a potion of resistance {unknown}
 t - 3 potions of curing
 v - 3 potions of brilliance


   Skills:
 + Level 2.6 Fighting
 + Level 2.6 Short Blades
 + Level 2.6 Long Blades
 + Level 2.6 Axes
 + Level 2.6 Maces & Flails
 + Level 2.6 Polearms
 + Level 2.6 Staves
 + Level 2.6 Ranged Weapons
 + Level 2.6 Throwing
 + Level 2.6 Armour
 + Level 5.3 Dodging
 + Level 5.0 Stealth
 + Level 2.6 Shields
 + Level 2.6 Unarmed Combat
 + Level 5.7 Spellcasting
 + Level 2.1 Conjurations
 + Level 2.1 Hexes
 + Level 2.1 Summonings
 + Level 2.1 Necromancy
 + Level 2.1 Translocations
 + Level 2.1 Transmutations
 + Level 2.1 Fire Magic
 + Level 7.4 Ice Magic
 + Level 2.1 Air Magic
 + Level 2.1 Earth Magic
 + Level 2.1 Poison Magic
 + Level 3.0 Invocations
 + Level 2.6 Evocations


You had 8 spell levels left.
You knew the following spells:

 Your Spells              Type           Power      Damage    Failure   Level
a - Freeze                Ice            100%       1d11      1%          1
b - Frozen Ramparts       Ice            64%        1d10      1%          3
c - Hailstorm             Conj/Ice       22%        3d7       7%          4
q - Magic Dart            Conj           52%        1d5       1%          1

Your spell library contained the following spells:

 Spells                   Type           Power      Damage    Failure   Level
 Ensorcelled Hibernation  Hex/Ice        44%        N/A       1%          2
 Ozocubu's Armour         Ice            32%        N/A       1%          3
 Sublimation of Blood     Necr           13%        N/A       3%          2
 Call Canine Familiar     Summ           13%        N/A       6%          3
 Portal Projectile        Hex/Tloc       26%        N/A       6%          3
 Spider Form              Tmut/Pois      13%        N/A       6%          3
 Anguish                  Hex/Necr       6%         N/A       21%         4
 Leda's Liquefaction      Hex/Erth       6%         N/A       21%         4
 Petrify                  Tmut/Erth      13%        N/A       21%         4
 Irradiate                Conj/Tmut      6%         3d13      45%         5
 Summon Forest            Summ/Tloc      6%         N/A       45%         5
 Summon Mana Viper        Hex/Summ       13%        N/A       45%         5
 Summon Cactus Giant      Summ           6%         N/A       95%         6


Dungeon Overview and Level Annotations

Branches:
Dungeon (5/15)             Temple (1/1) D:5

Altars:
Ashenzari
Elyvilon
Fedhas
Gozag
Hepliaklqana
Kikubaaqudgha
Makhleb
Nemelex Xobeh
Okawaru
Qazlal
Ru
Sif Muna
Trog
Uskayaw
Vehumet
Wu Jian
Xom
Yredelemnul
Zin
The Shining One

Shops:
D:5 [

Annotations:
D:5 FexLirch's ghost, novice MeTm


Innate Abilities, Weirdness & Mutations

You have very sharp teeth.
Your uncanny sense of smell can sniff out nearby items.
Your experience applies equally to all skills.


Message History

The wall freezes the gnoll bouda.
You kill the gnoll bouda!
Vehumet accepts your kill.
Your Invocations skill increases to level 3!
The frozen ramparts melt away as you move.
Things that are here:
a +0 whip; a +0 leather armour
There is an open gate here.
Your attacks no longer feel as feeble.
l - a smoky sapphire potion Magic restored.
HP restored.
There is an open gate here.
Things that are here:
a +0 whip; a +0 leather armour
There is a fountain of sparkling water here.
w - 8 poisoned darts (gained 4)
Found an opulent altar of Gozag.
Found 12 gold pieces.
The white imp shouts, "Repent, thou dankish bat-fowling clam!"
Found 29 gold pieces.
FexLirch's ghost turns its malevolent gaze towards you.
The two-headed ogre shouts in stereo!
You open the gate.
Casting: Frozen Ramparts (safe; 1% risk of failure)
Confirm with . or Enter, or press ? or * to list all spells.
Casting: Frozen Ramparts (safe; 1% risk of failure)
Press: ? - help, Dir - look around, f - activate The walls around you are covered in ice.
The wall freezes FexLirch's ghost!
The wall freezes the two-headed ogre but does no damage.
The two-headed ogre hits you with a +0 giant spiked club.
The two-headed ogre completely misses you.
You completely miss the two-headed ogre.
The wall freezes FexLirch's ghost.
The wall freezes the quokka.
The wall freezes the two-headed ogre but does no damage.
The two-headed ogre hits you with a +0 giant spiked club!
The two-headed ogre hits you with a +0 giant club!!
Ouch! That really hurt!
You die...

####### ..# ##∩8∩8∩## ..#
#...$..$##..# ..
#8$.8..8##..#
...#..._.$.##..######
#..##.$...##.........## ###
....##'''####..##.# #.#####..
#........5WO@..##.# #........
##.#......r###.##<###........
##...######.......##.####.
###.##.....####.###.####.
.>.. #.##.....########.##...
#..# #.##.........#_##.##...
#..# #.##.....#####.##......
#..# #.##.....# ##...####...
#..# #.####.### #..#..# #...


You could see a two-headed ogre, FexLirch's ghost, a white imp and a quokka.

Vanquished Creatures
  A black bear (D:4)
  A necrophage (D:5)
  A scorpion (D:5)
  A hound (D:5)
  A jelly (D:4)
  2 orc priests (D:4)
  Crazy Yiuf (D:4)
  A gnoll bouda (D:5)
  Jessica (D:3)
  2 orc wizards
  Terence (D:3)
  4 gnolls (D:3)
  4 adders
  An ufetubus (D:5)
  A worm (D:2)
  3 dart slugs
  13 orcs
  4 endoplasms
  8 goblins
  4 hobgoblins
  2 jackals (D:4)
  9 kobolds
  2 quokkas
  6 ball pythons
  3 bats
  4 frilled lizards
  3 rats
84 creatures vanquished.

Notes
Turn   | Place    | Note
-------+----------+-------------------------------------------
     0 | D:1      | 0gre the Gnoll Ice Elementalist began the quest for the
                  | Orb.
     0 | D:1      | Reached XP level 1. HP: 13/13 MP: 6/6
   342 | D:1      | Found a faded altar of an unknown god.
   350 | D:1      | Got Plato's Anthology of Battle Magic
   510 | D:1      | Reached XP level 2. HP: 19/19 MP: 7/7
  1272 | D:2      | Reached skill level 5 in Spellcasting
  1272 | D:2      | Reached XP level 3. HP: 20/25 MP: 7/9
  1276 | D:2      | Learned a level 3 spell: Frozen Ramparts
  1278 | D:2      | Learned a level 1 spell: Magic Dart
  1449 | D:2      | Reached skill level 1 in Invocations
  1470 | D:2      | Found a hide-covered altar of Uskayaw.
  1547 | D:2      | Identified the +3 scale mail of the Desolation of Salt {rF+
                  | SInv}
  1637 | D:2      | Reached skill level 1 in Fighting
  1637 | D:2      | Reached skill level 1 in Short Blades
  1637 | D:2      | Reached skill level 1 in Long Blades
  1637 | D:2      | Reached skill level 1 in Axes
  1637 | D:2      | Reached skill level 1 in Maces & Flails
  1637 | D:2      | Reached skill level 1 in Polearms
  1637 | D:2      | Reached skill level 1 in Staves
  1637 | D:2      | Reached skill level 1 in Ranged Weapons
  1637 | D:2      | Reached skill level 1 in Throwing
  1637 | D:2      | Reached skill level 1 in Armour
  1637 | D:2      | Reached skill level 1 in Shields
  1637 | D:2      | Reached skill level 1 in Unarmed Combat
  1637 | D:2      | Reached skill level 1 in Evocations
  1931 | D:3      | Noticed Jessica
  1940 | D:3      | Killed Jessica
  1941 | D:3      | Reached XP level 4. HP: 32/32 MP: 7/11
  1942 | D:3      | Reached skill level 1 in Conjurations
  1942 | D:3      | Reached skill level 1 in Hexes
  1942 | D:3      | Reached skill level 1 in Summonings
  1942 | D:3      | Reached skill level 1 in Necromancy
  1942 | D:3      | Reached skill level 1 in Translocations
  1942 | D:3      | Reached skill level 1 in Transmutations
  1942 | D:3      | Reached skill level 1 in Fire Magic
  1942 | D:3      | Reached skill level 1 in Air Magic
  1942 | D:3      | Reached skill level 1 in Earth Magic
  1942 | D:3      | Reached skill level 1 in Poison Magic
  1973 | D:3      | Reached XP level 5. HP: 27/37 MP: 8/12
  2140 | D:3      | Noticed Terence
  2145 | D:3      | Killed Terence
  2575 | D:3      | Learned a level 4 spell: Hailstorm
  2641 | D:4      | Reached XP level 6. HP: 44/44 MP: 10/14
  2644 | D:4      | Reached skill level 5 in Dodging
  2677 | D:4      | Noticed a black bear
  2685 | D:4      | Killed a black bear
  2889 | D:4      | Found a runed translucent door.
  2890 | D:4      | Identified the +4 hammer "Puciu" {vorpal, rC+ Will- rCorr
                  | Str+3 Int+2}
  2890 | D:4      | Noticed Crazy Yiuf
  2900 | D:4      | Killed Crazy Yiuf
  2901 | D:4      | Reached XP level 7. HP: 43/50 MP: 12/15
  2907 | D:4      | Identified the +5 hammer "Vaetoliu" {vorpal, rElec}
  3570 | D:5      | Entered Level 5 of the Dungeon
  3950 | D:5      | Found Qobus's Antique Armour Boutique.
  3992 | D:5      | Reached skill level 5 in Stealth
  4067 | D:5      | Found a bloodstained altar of Trog.
  4067 | D:5      | Found a faded altar of an unknown god.
  4075 | D:5      | Found an iron altar of Okawaru.
  4077 | D:5      | Found a faded altar of an unknown god.
  4079 | D:5      | Found a hide-covered altar of Uskayaw.
  4161 | D:5      | Found a staircase to the Ecumenical Temple.
  4179 | Temple   | Entered the Ecumenical Temple
  4492 | Temple   | Became a worshipper of Vehumet
  4510 | D:5      | Found a sparkling altar of Nemelex Xobeh.
  4538 | D:5      | Identified the +3 robe of Mezcal {Slay+3}
  4740 | D:5      | Found a runed translucent gate.
  4740 | D:5      | Found a runed translucent gate.
  4740 | D:5      | Found a runed translucent gate.
  4741 | D:5      | Noticed a two-headed ogre
  4742 | D:5      | Found an opulent altar of Gozag.
  4743 | D:5      | Noticed FexLirch's ghost (novice MeTm)
  4754 | D:5      | Slain by a two-headed ogre

Illustrated notes

Levels and vault maps discovered:
D:1:      dpeg_arrival_water_fire, layout_basic,
          shapermc_ecumenical_altar_rom_forum, serial_bayou_pond_b,
          hex_intersection
D:2:      layout_rooms, basic_altar
D:3:      layout_loops_ring, uniq_jessica, uniq_terence
D:4:      layout_loops_ring, uniq_crazy_yiuf_cottage
D:5:      layout_loops_ring, nemelex_xobeh_ov_fountains_minmay,
          chequers_temple_overflow_minitemple, minmay_temple_entry_mist,
          serial_shops, nicolae_shop_competitors_out_of_business,
          ebering_ghost_gozag, kennysheep_windowed_goal
Temple:   compressed_dpeg_triangle_lava_temple

Skill      XL: |  1  2  3  4  5  6  7 |
---------------+----------------------+-----
Spellcasting   | 5 |  5.7
Invocations    | 1 2 3 |  3.0
Fighting       | 1 2 |  2.6
Short Blades   | 1 2 |  2.6
Long Blades    | 1 2 |  2.6
Axes           | 1 2 |  2.6
Maces & Flails | 1 2 |  2.6
Polearms       | 1 2 |  2.6
Staves         | 1 2 |  2.6
Ranged Weapons | 1 2 |  2.6
Throwing       | 1 2 |  2.6
Armour         | 1 2 |  2.6
Shields        | 1 2 |  2.6
Unarmed Combat | 1 2 |  2.6
Evocations     | 1 2 |  2.6
Conjurations   | 1 2 |  2.1
Hexes          | 1 2 |  2.1
Summonings     | 1 2 |  2.1
Necromancy     | 1 2 |  2.1
Translocations | 1 2 |  2.1
Transmutations | 1 2 |  2.1
Fire Magic     | 1 2 |  2.1
Air Magic      | 1 2 |  2.1
Earth Magic    | 1 2 |  2.1
Poison Magic   | 1 2 |  2.1
Dodging        | 5 |  5.3
Stealth        | 5 |  5.0
Ice Magic      | |  7.4

Action                   |  1- 3 |  4- 6 |  7- 9 || total
-------------------------+-------+-------+-------++-------
Melee: Spear             |    33 |     7 |       ||    40
       Hand axe          |    24 |       |       ||    24
       Bite              |    10 |       |     3 ||    13
       Flail             |    27 |    42 |       ||    69
       Punch             |     1 |       |     1 ||     2
       Mace              |       |       |    48 ||    48
 Cast: Freeze            |     9 |     1 |     2 ||    12
       Frozen Ramparts   |     3 |    13 |     6 ||    22
       Magic Dart        |     1 |    11 |     2 ||    14
  Use: Scroll            |       |     3 |     4 ||     7
 Stab: Sleeping          |     6 |     2 |       ||     8
Armor: Robe              |    15 |    11 |    14 ||    40
Dodge: Dodged            |    66 |    26 |    31 ||   123
